 Dungeon Crawl Stone Soup version 0.27-a0-1189-gb8eb6cee8e (webtiles) character file.

Game seed: 18037932800429500369

72 Gargoyl the Skirmisher (level 4, -6/41 HPs)
             Began as a Gnoll Abyssal Knight on May 23, 2021.
             Was a Believer of Lugonu.
             Killed from afar by Sigmund (12 damage)
             ... with a puff of flame
             ... on level 2 of the Dungeon.
             The game lasted 00:02:05 (1958 turns).

Gargoyl the Skirmisher (Gnoll Abyssal Knight)       Turns: 1958, Time: 00:02:06

Health: -6/41      AC:  4    Str: 13    XL:     4   Next: 25%
Magic:  7/7        EV: 12    Int: 11    God:    Lugonu [**....]
Gold:   70         SH:  5    Dex: 11    Spells: 5/5 levels left

rFire    . . .     SeeInvis .   a - +1 hand axe
rCold    . . .     Faith    .   (no shield)
rNeg     . . .     Spirit   .   b - +0 leather armour
rPois    .         Reflect  +   (no helmet)
rElec    .         Harm     .   (no cloak)
rCorr    .         Rampage  .   l - +0 pair of gloves
Will     .....                  (no boots)
Stlth    +.........             d - amulet of reflection
HPRegen  0.13/turn              (no ring)
MPRegen  0.10/turn              (no ring)

@: flying
A: fangs 1, strong nose, distributed training
a: Renounce Religion, Depart the Abyss, Bend Space


You were on level 2 of the Dungeon.
You worshipped Lugonu.
Lugonu was pleased with you.
You visited 1 branch of the dungeon, and saw 2 of its levels.
You visited the Abyss 1 time.

You collected 70 gold pieces.

Inventory:

Hand Weapons
 a - a +1 hand axe (weapon)
Armour
 b - a +0 leather armour (worn)
 l - a +0 pair of gloves (worn)
Jewellery
 d - an amulet of reflection (around neck)
Scrolls
 c - a scroll of holy word {unknown}
 g - 2 scrolls of enchant weapon {unknown}
 n - a scroll of amnesia {unknown}
Potions
 h - 2 potions of heal wounds {unknown}
 i - a potion of magic {unknown}
 j - a potion of berserk rage {unknown}
 k - a potion of resistance {unknown}
 m - a potion of mutation {unknown}


   Skills:
 + Level 6.6 Fighting
 + Level 1.1 Short Blades
 + Level 1.1 Long Blades
 + Level 4.6 Axes
 + Level 1.1 Maces & Flails
 + Level 1.1 Polearms
 + Level 1.1 Staves
 + Level 1.1 Slings
 + Level 1.1 Bows
 + Level 1.1 Crossbows
 + Level 1.1 Throwing
 + Level 4.6 Armour
 + Level 2.7 Dodging
 + Level 1.1 Stealth
 + Level 1.1 Shields
 + Level 1.1 Unarmed Combat
 + Level 1.1 Spellcasting
 + Level 0.8 Conjurations
 + Level 0.8 Hexes
 + Level 0.8 Summonings
 + Level 0.8 Necromancy
 + Level 0.8 Translocations
 + Level 0.8 Transmutations
 + Level 0.8 Fire Magic
 + Level 0.8 Ice Magic
 + Level 0.8 Air Magic
 + Level 0.8 Earth Magic
 + Level 0.8 Poison Magic
 + Level 4.7 Invocations
 + Level 1.1 Evocations


You had 5 spell levels left.
You didn't know any spells.
Your spell library contained the following spells:

 Spells                   Type           Power      Damage    Failure   Level
 Corona                   Hex            2%         N/A       28%         1
 Ensorcelled Hibernation  Hex/Ice        4%         N/A       38%         2
 Confusing Touch          Hex            2%         N/A       63%         3
 Dazzling Flash           Conj/Hex       4%         N/A       63%         3
 Tukima's Dance           Hex            2%         N/A       63%         3


Dungeon Overview and Level Annotations

Branches:
Dungeon (2/15)

Altars:

Annotations:
D:2 Sigmund


Innate Abilities, Weirdness & Mutations

You have very sharp teeth.
Your uncanny sense of smell can sniff out nearby items.
Your experience applies equally to all skills.


Message History

The frilled lizard hisses angrily.
The quokka bites you.
You hit the quokka but do no damage. The quokka barely misses you.
You completely miss the quokka. You bite the quokka, but do no damage.
The quokka bites you but does no damage.
You block the quokka's attack.
You closely miss the quokka. You bite the quokka, but do no damage.
The quokka bites you.
You barely miss the quokka. The quokka barely misses you.
Sigmund casts a spell at himself.
Sigmund flickers and vanishes!
Deactivating autopickup; reactivate with Ctrl-A.
You hit the quokka.
The quokka is almost dead.
The quokka closely misses you. The quokka barely misses you.
You hit the quokka.
You kill the quokka!
Lugonu accepts your kill.
You hit the frilled lizard.
You kill the frilled lizard!
Lugonu accepts your kill. Something hits you.
It was a potion of flight.
You feel very buoyant.
You fly up into the air.
Something hits you. Something hits you.
You see here a frilled lizard corpse.
It was a potion of curing.
You feel better.
You hear a zap.
A puff of flame appears from out of thin air!
The puff of flame hits you.
You hit something but do no damage. You bite something. Something hits you!
You barely miss something. You punch something. You bite something.
Something hits you!
* * * LOW HITPOINT WARNING * * *
You closely miss something.
You hear a zap.
A puff of flame appears from out of thin air!
The puff of flame hits you!
You die...

####### #.....# #.....#
###### ##########.....#
##...!.## .......#.......#
##.(.....#
.......#.#.....###../......
.......#.#......##.........
........†#......@{.........
.......##†......##.........
.......##.......##....$....
.......##.......##.r..(....
...>...###...#####.........
.....####..#.# #........$
.....##...##.# #.........
........####.# #.........
.......## #.#


There were no monsters in sight!

Vanquished Creatures
  2 adders (D:2)
  3 ball pythons
  4 endoplasms
  3 giant cockroaches (D:1)
  3 goblins
  2 hobgoblins
  9 jackals (D:1)
  3 quokkas
  3 bats
  6 frilled lizards
  5 kobolds (D:1)
  6 rats
49 creatures vanquished.

Notes
Turn   | Place    | Note
-------+----------+-------------------------------------------
     0 | Abyss:1  | Gargoyl the Gnoll Abyssal Knight began the quest for the
                  | Orb.
     0 | Abyss:1  | Reached XP level 1. HP: 23/23 MP: 3/3
    26 | Abyss:1  | Found a corrupted altar of Lugonu.
    63 | Abyss:1  | Noticed an apocalypse crab
    75 | D:1      | Escaped the Abyss
   363 | D:1      | Found a faded altar of an unknown god.
   427 | D:1      | Reached XP level 2. HP: 20/29 MP: 5/5
   431 | D:1      | Reached * piety under Lugonu
   895 | D:1      | Reached XP level 3. HP: 17/35 MP: 6/6
  1808 | D:2      | Reached ** piety under Lugonu
  1871 | D:2      | Reached skill level 1 in Short Blades
  1871 | D:2      | Reached skill level 1 in Long Blades
  1871 | D:2      | Reached skill level 1 in Maces & Flails
  1871 | D:2      | Reached skill level 1 in Polearms
  1871 | D:2      | Reached skill level 1 in Staves
  1871 | D:2      | Reached skill level 1 in Slings
  1871 | D:2      | Reached skill level 1 in Bows
  1871 | D:2      | Reached skill level 1 in Crossbows
  1871 | D:2      | Reached skill level 1 in Throwing
  1871 | D:2      | Reached skill level 1 in Stealth
  1871 | D:2      | Reached skill level 1 in Shields
  1871 | D:2      | Reached skill level 1 in Unarmed Combat
  1871 | D:2      | Reached skill level 1 in Spellcasting
  1871 | D:2      | Reached skill level 1 in Evocations
  1912 | D:2      | Reached XP level 4. HP: 41/41 MP: 7/7
  1938 | D:2      | Noticed Sigmund
  1958 | D:2      | Killed from afar by Sigmund

Illustrated notes

Levels and vault maps discovered:
D:1:      shiori_shiawase, layout_basic, shapermc_ecumenical_altar_notcrosses
D:2:      layout_rooms, basic_altar, uniq_sigmund

Skill      XL: |  1  2  3 |
---------------+----------+-----
Short Blades   | 1 |  1.1
Long Blades    | 1 |  1.1
Maces & Flails | 1 |  1.1
Polearms       | 1 |  1.1
Staves         | 1 |  1.1
Slings         | 1 |  1.1
Bows           | 1 |  1.1
Crossbows      | 1 |  1.1
Throwing       | 1 |  1.1
Stealth        | 1 |  1.1
Shields        | 1 |  1.1
Unarmed Combat | 1 |  1.1
Spellcasting   | 1 |  1.1
Evocations     | 1 |  1.1
Fighting       | |  6.6
Axes           | |  4.6
Armour         | |  4.6
Dodging        | |  2.7
Conjurations   | |  0.8
Hexes          | |  0.8
Summonings     | |  0.8
Necromancy     | |  0.8
Translocations | |  0.8
Transmutations | |  0.8
Fire Magic     | |  0.8
Ice Magic      | |  0.8
Air Magic      | |  0.8
Earth Magic    | |  0.8
Poison Magic   | |  0.8
Invocations    | |  4.7

Action                   |  1- 3 |  4- 6 || total
-------------------------+-------+-------++-------
Melee: Hand axe          |   112 |    19 ||   131
       Bite              |     4 |     4 ||     8
       Punch             |       |     1 ||     1
Invok: Depart the Abyss  |     1 |       ||     1
  Use: Scroll            |     1 |       ||     1
       Potion            |       |     2 ||     2
 Stab: Sleeping          |     1 |       ||     1
Armor: Leather armour    |    25 |     2 ||    27
Dodge: Dodged            |    71 |    12 ||    83
Block: Other             |    25 |     3 ||    28

Table legend: (Time is in decaauts)
 A = Elapsed time spent in this place.
 B = Non-inter-level travel time spent in this place.
 C = Inter-level travel time spent in this place.
 D = Time resting spent in this place.
 E = Time spent auto-exploring this place.
 F = Levels seen in this place.
 G = Mean time per level.
                   A        B        C        D        E       F      G
               +--------+--------+--------+--------+--------+-----+--------+
         Total |   1968 |   1933 |     35 |      0 |   1565 |   3 |  656.0 |
       Dungeon |   1893 |   1858 |     35 |      0 |   1510 |   2 |  946.5 |
         Abyss |     75 |     75 |      0 |      0 |     55 |   1 |   75.0 |
               +--------+--------+--------+--------+--------+-----+--------+

Top non-repeatable levels by time:
     D:1: 1739 daAuts
     D:2: 154 daAuts
 Abyss:1: 75 daAuts
